 Dungeon Crawl Stone Soup version 0.29-a0-517-gbdf32494f2 (webtiles) character file.

Game seed: 16309518720889881987

29 MysticalOrb the Grasshopper (level 3, -1/29 HPs)
             Began as a Draconian Warper on May 30, 2022.
             Slain by a hound (4 damage)
             ... on level 3 of the Dungeon.
             The game lasted 00:14:44 (910 turns).

MysticalOrb the Grasshopper (Draconian Warper)       Turns: 910, Time: 00:14:45

Health: -1/29      AC:  5    Str: 15    XL:     3   Next: 1%
Magic:  6/6        EV: 12    Int: 13    God:
Gold:   40         SH:  0    Dex: 10    Spells: 4/6 levels left

rFire   . . .      SeeInvis .   a - +0 falchion
rCold   . . .      Faith    .   (no shield)
rNeg    . . .      Spirit   .   (body armour unavailable)
rPois   .          Reflect  .   (helmet restricted)
rElec   .          Harm     .   (no cloak)
rCorr   .          Rampage  .   (no gloves)
Will    .....                   (no boots)
Stlth   +.........              (no amulet)
HPRegen 0.09/turn               (no ring)
MPRegen 0.10/turn               (no ring)

@: no status effects
A: AC +5, unfitting armour, cold-blooded
a: no special abilities


You were on level 3 of the Dungeon.
You visited 1 branch of the dungeon, and saw 3 of its levels.

You collected 40 gold pieces.

Inventory:

Hand Weapons
 a - a +0 falchion (weapon)
 m - a +0 spear
Missiles
 c - 4 boomerangs of dispersal (quivered)
 k - 28 stones
Armour
 f - a +0 leather armour
Scrolls
 g - a scroll of identify {unknown}
 j - a scroll of magic mapping {unknown}
Potions
 d - 2 potions of mutation {unknown}
 e - 2 potions of magic {unknown}
 h - a potion of heal wounds {unknown}
 i - a potion of haste {unknown}


   Skills:
 + Level 2.3 Fighting
 + Level 2.4 Long Blades
 + Level 0.8 Throwing
 + Level 2.4 Dodging
 + Level 2.3 Spellcasting
 + Level 3.3 Translocations


You had 4 spell levels left.
You knew the following spells:

 Your Spells              Type           Power      Damage    Failure   Level
a - Blink                 Tloc           20%        N/A       10%         2

Your spell library contained the following spells:

 Spells                   Type           Power      Damage    Failure   Level
 Gell's Gravitas          Tloc           10%        N/A       19%         3
 Lesser Beckoning         Tloc           10%        N/A       19%         3
 Teleport Other           Tloc           10%        N/A       19%         3
 Manifold Assault         Tloc           10%        N/A       86%         5
 Storm Form               Tmut/Air       0%         N/A       100%        7


Dungeon Overview and Level Annotations

Branches:
Dungeon (3/15)

Altars:


Innate Abilities, Weirdness & Mutations

Your plain brown scales are hard. (AC +5)
You cannot fit into any form of body armour.
You are cold-blooded and may be slowed by cold attacks.


Message History

You barely miss the hobgoblin.
Your tail-slap misses the hobgoblin.
You hear the slow rusting of a very distant drain.
The hobgoblin barely misses you.
You closely miss the hobgoblin. The hobgoblin hits you.
You barely miss the hobgoblin. The hobgoblin misses you.
You hit the hobgoblin but do no damage.
The hobgoblin hits you but does no damage.
The hobgoblin closely misses you.
You barely miss the hobgoblin.
A hound comes into view.
The hobgoblin misses you.
Press: ? - help, v - describe, . - travel
Here: a hound (wandering, hasn't noticed you)
The floor.
Press: ? - help, . - travel You can't see that place.
You hit the hobgoblin but do no damage.
You tail-slap the hobgoblin, but do no damage.
The hobgoblin hits you but does no damage.
The hound barks!
You hit the hobgoblin but do no damage.
You tail-slap the hobgoblin, but do no damage.
The hobgoblin barely misses you. The hound attacks as you move away!
The hound closely misses you. x2
The hobgoblin attacks as you move away! The hobgoblin hits you.
You see here 2 javelins.
The hound bites you. The hound closely misses you.
The hound attacks as you move away! The hound bites you.
Found a stone staircase leading down.
The hound bites you.
You hit the hound.
The hound is lightly wounded.
The hound barely misses you. The hound bites you.
* * * LOW HITPOINT WARNING * * *
You hit the hound but do no damage.
The hound is lightly wounded.
The hound bites you.
* * * LOW HITPOINT WARNING * * *
The hound barely misses you. The hound attacks as you move away!
The hound bites you.
You die...

.. ## #.# # ..
... #.#. #.##
>... ...
.###..##.#####.#
................
.......@........
....#.##h#####.#
. .. #g#####.#
... #..(..#.#
... #.....#.# #
# ..
#.....#.##.##.#
.
#<.............
##....#.##.##.#
###....#........


You could see a hound and a hobgoblin.

Vanquished Creatures
  5 ball pythons (D:1)
  4 bats (D:1)
  4 endoplasms
  5 goblins
  A hobgoblin (D:1)
  A kobold (D:1)
  2 quokkas (D:1)
  2 frilled lizards (D:1)
  A rat (D:1)
25 creatures vanquished.

Notes
Turn   | Place    | Note
-------+----------+-------------------------------------------
     0 | D:1      | MysticalOrb the Draconian Warper began the quest for the
                  | Orb.
     0 | D:1      | Reached XP level 1. HP: 17/17 MP: 3/3
    59 | D:1      | Reached XP level 2. HP: 22/24 MP: 5/5
    67 | D:1      | Learned a level 2 spell: Blink
   751 | D:3      | Reached XP level 3. HP: 4/29 MP: 6/6
   910 | D:3      | Slain by a hound

Illustrated notes

Levels and vault maps discovered:
D:1:      dpeg_arrival_stonehenge_12_columns, layout_loops_ring
D:2:      layout_loops_ring, serial_shops, shop, basic_altar,
          hellmonk_ecumenical_altar_arch_garden, uniq_natasha
D:3:      layout_basic, portal_sewer_entry_e

Action                   || total
-------------------------++-------
Melee: Falchion          ||    72
       Tailslap          ||     7
Throw: Boomerang         ||     3
       Javelin           ||     4
 Cast: Blink             ||     2
  Use: Scroll            ||     1
 Stab: Sleeping          ||     1
Armor: Skin              ||    28
Dodge: Dodged            ||    65

Table legend: (Time is in decaauts)
 A = Elapsed time spent in this place.
 B = Non-inter-level travel time spent in this place.
 C = Inter-level travel time spent in this place.
 D = Time resting spent in this place.
 E = Time spent auto-exploring this place.
 F = Levels seen in this place.
 G = Mean time per level.
                   A        B        C        D        E       F      G
               +--------+--------+--------+--------+--------+-----+--------+
         Total |    926 |    926 |      0 |    123 |      1 |   3 |  308.7 |
       Dungeon |    926 |    926 |      0 |    123 |      1 |   3 |  308.7 |
               +--------+--------+--------+--------+--------+-----+--------+

Top non-repeatable levels by time:
     D:1: 719 daAuts
     D:3: 169 daAuts
     D:2: 37 daAuts
